 Dungeon Crawl Stone Soup version 0.21.1-1-g345015f (webtiles) character file.

1175 Kingsmith the Conjurer (level 8, -4/58 HPs)
             Began as a Gnoll Conjurer on May 24, 2018.
             Killed by divine providence
             ... invoked by an orc priest
              (12 damage)
             ... on level 4 of the Dungeon.
             The game lasted 00:08:29 (4063 turns).

Kingsmith the Conjurer (Gnoll Conjurer)             Turns: 4063, Time: 00:08:30

Health: -4/58      AC: 14    Str: 11    XL:     8   Next: 41%
Magic:  10/17      EV: 12    Int: 18    God:
Gold:   173        SH:  0    Dex: 21    Spells: 1/19 levels left

rFire    + . .     SeeInvis .   u - +2 whip (flame)
rCold    + . .     Gourm    .   (no shield)
rNeg     . . .     Faith    .   w - +5 scale mail "Suciten" {+Fly rElec Int-4 Dex+4}
rPois    +         Spirit   .   (no helmet)
rElec    +         Reflect  .   n - +0 cloak
rCorr    +         Harm     .   m - +0 pair of gloves (curse)
MR       .....                  (no boots)
Stlth    +++.......             (no amulet)
HPRegen  0.19/turn              (no ring)
MPRegen  0.15/turn              (no ring)

@: resistant, very slightly contaminated
A: distributed training, fangs 1, thin skeletal structure 1, clever 1, mutation
resistance 1, strong nose
a: Evoke Flight


You were on level 4 of the Dungeon.
You were very hungry.

You visited 1 branch of the dungeon, and saw 4 of its levels.

You collected 173 gold pieces.

Inventory:

Hand Weapons
 u - a +2 whip of flaming (weapon)
Armour
 a - a +0 robe
 m - a cursed +0 pair of gloves (worn)
 n - a +0 cloak (worn)
 w - the +5 scale mail "Suciten" (worn) {+Fly rElec Int-4 Dex+4}
   (You found it on level 4 of the Dungeon)

   It affects your intelligence (-4).
   It affects your dexterity (+4).
   It insulates you from electricity.
   It lets you fly.
Jewellery
 r - an uncursed ring of protection from fire {unknown}
Wands
 q - a wand of digging (24)
 t - a wand of paralysis (12)
Scrolls
 d - 2 scrolls of teleportation
 f - 2 scrolls of enchant weapon
 g - 2 scrolls of remove curse
 k - 2 scrolls of amnesia
 l - a scroll of noise {unknown}
 p - a scroll of fog
Potions
 i - a potion of brilliance {unknown}
Books
 b - a book of Conjurations

   Spells                             Type                      Level
   a - Magic Dart                     Conjuration                  1
   b - Searing Ray                    Conjuration                  2
   c - Dazzling Spray                 Conjuration/Hexes            3
   d - Fulminant Prism                Conjuration/Hexes            4
   e - Force Lance                    Conjuration/Translocation    4
   f - Iskenderun's Mystic Blast      Conjuration                  4
Comestibles
 c - 4 rations


   Skills:
 + Level 3.2 Fighting
 + Level 3.2 Short Blades
 + Level 3.2 Long Blades
 + Level 3.2 Axes
 + Level 3.2 Maces & Flails
 + Level 3.2 Polearms
 + Level 3.2 Staves
 + Level 3.2 Slings
 + Level 3.2 Bows
 + Level 3.2 Crossbows
 + Level 3.2 Throwing
 + Level 3.2 Armour
 + Level 5.6 Dodging
 + Level 5.3 Stealth
 + Level 3.2 Shields
 + Level 3.2 Unarmed Combat
 + Level 6.0 Spellcasting
 + Level 7.6 Conjurations
 + Level 2.6 Hexes
 + Level 2.6 Charms
 + Level 2.6 Summonings
 + Level 2.6 Necromancy
 + Level 2.6 Translocations
 + Level 2.6 Transmutations
 + Level 2.6 Fire Magic
 + Level 2.6 Ice Magic
 + Level 2.6 Air Magic
 + Level 2.6 Earth Magic
 + Level 2.6 Poison Magic
 + Level 3.5 Invocations
 + Level 3.2 Evocations


You had one spell level left.
You knew the following spells:

 Your Spells              Type           Power        Failure   Level  Hunger
a - Magic Dart            Conj           ####         2%          1    None
b - Searing Ray           Conj           ####..       4%          2    None
c - Dazzling Spray        Conj/Hex       ###...       24%         3    ##.....
d - Iskenderun's Mystic   Conj           ####....     28%         4    ####...
e - Force Lance           Conj/Tloc      ###.....     63%         4    ####...
f - Fulminant Prism       Conj/Hex       ###.......   63%         4    ####...


Dungeon Overview and Level Annotations

Branches:
Dungeon (4/15)             Temple (0/1) D:4

Altars:

Shops:
D:4 %


Innate Abilities, Weirdness & Mutations

Your experience applies equally to all skills.
You have very sharp teeth.
Your uncanny sense of smell can sniff out nearby items.
You have a somewhat thin skeletal structure. (Dex +2, Stealth)
Your mind is acute. (Int +2)
You are somewhat resistant to further mutation.


Message History

The orc wizard hits you with a dagger.
* * * LOW HITPOINT WARNING * * *
The worker ant bites you but does no damage.
Okay, then.
It was a potion of mutation.
You feel extremely strange.
Your bones become slightly less dense.
You feel clever.
You feel genetically stable.
* * * LOW HITPOINT WARNING * * *
You feel sick. The orc wizard barely misses you. The orc closely misses you.
The worker ant barely misses you.
The orc wizard hits you but does no damage.
It was a potion of resistance.
You feel protected. The worker ant closely misses you.
The orc hits you but does no damage.
The orc wizard hits you but does no damage.
It was a potion of curing.
You feel better. The orc wizard barely misses you.
The worker ant barely misses you.
The orc priest mumbles some strange prayers to Beogh against you.
Beogh smites you!
You die...

##.### #### ###.
##..####..#### #### ##
##.........(###..## #
##...####........# # #####
#######..# # #### ###..# #
*** ###..## ###$...####
*,*####...wa#######....?..##<
*,,......)oo@..##∩..####.....
**,........#o.....### #......
**#####...####...# ##.....[
##..# #...####..###.# *#.##
##.....>..## ### *..*
#........## *#.#* ##########
**.#* **,**


You could see a worm (inner flame), a worker ant (inner flame), an orc priest
(inner flame), an orc wizard (inner flame) and an orc (inner flame).

Vanquished Creatures
  Pikel (D:4)
  Sigmund (D:2)
  Eustachio (D:4)
  2 slaves (D:4)
  An ogre (D:4)
  A wyvern skeleton (D:4)
  Crazy Yiuf (D:2)
  An orc priest (D:4)
  An iguana (D:4)
  Ijyb (D:3)
  Natasha (thrice) (D:2)
  7 adders
  2 oozes
  4 worms (D:2)
  A dart slug (D:4)
  3 leopard geckos
  3 orcs (D:4)
  3 goblins
  9 hobgoblins
  4 jackals
  10 kobolds
  4 quokkas
  4 ball pythons
  2 bats (D:1)
  3 frilled lizards
  6 rats
79 creatures vanquished.

Vanquished Creatures (others)
  A slave (D:4)
  An orc wizard (D:4)
2 creatures vanquished.

Grand Total: 81 creatures vanquished

Notes
Turn   | Place    | Note
-------+----------+-------------------------------------------
     0 | D:1      | Kingsmith the Gnoll Conjurer began the quest for the Orb.
     0 | D:1      | Reached XP level 1. HP: 13/13 MP: 6/6
   169 | D:1      | Reached XP level 2. HP: 19/19 MP: 5/7
   269 | D:1      | Learned a level 2 spell: Searing Ray
   729 | D:1      | Reached XP level 3. HP: 25/25 MP: 6/9
   843 | D:2      | Learned a level 3 spell: Dazzling Spray
   851 | D:2      | Reached skill level 5 in Spellcasting
   929 | D:2      | Reached skill level 1 in Invocations
  1121 | D:2      | Reached skill level 1 in Fighting
  1121 | D:2      | Reached skill level 1 in Short Blades
  1121 | D:2      | Reached skill level 1 in Long Blades
  1121 | D:2      | Reached skill level 1 in Axes
  1121 | D:2      | Reached skill level 1 in Maces & Flails
  1121 | D:2      | Reached skill level 1 in Polearms
  1121 | D:2      | Reached skill level 1 in Staves
  1121 | D:2      | Reached skill level 1 in Slings
  1121 | D:2      | Reached skill level 1 in Bows
  1121 | D:2      | Reached skill level 1 in Crossbows
  1121 | D:2      | Reached skill level 1 in Throwing
  1121 | D:2      | Reached skill level 1 in Armour
  1121 | D:2      | Reached skill level 1 in Shields
  1121 | D:2      | Reached skill level 1 in Unarmed Combat
  1121 | D:2      | Reached skill level 1 in Evocations
  1217 | D:2      | Reached XP level 4. HP: 30/32 MP: 6/11
  1544 | D:2      | Noticed Sigmund
  1554 | D:2      | Killed Sigmund
  1554 | D:2      | Reached skill level 1 in Hexes
  1554 | D:2      | Reached skill level 1 in Charms
  1554 | D:2      | Reached skill level 1 in Summonings
  1554 | D:2      | Reached skill level 1 in Necromancy
  1554 | D:2      | Reached skill level 1 in Translocations
  1554 | D:2      | Reached skill level 1 in Transmutations
  1554 | D:2      | Reached skill level 1 in Fire Magic
  1554 | D:2      | Reached skill level 1 in Ice Magic
  1554 | D:2      | Reached skill level 1 in Air Magic
  1554 | D:2      | Reached skill level 1 in Earth Magic
  1554 | D:2      | Reached skill level 1 in Poison Magic
  1554 | D:2      | Reached XP level 5. HP: 25/38 MP: 6/12
  1554 | D:2      | Reached XP level 6. HP: 30/44 MP: 6/13
  1837 | D:2      | Noticed Natasha
  1841 | D:2      | Killed Natasha
  2188 | D:2      | Noticed Natasha
  2194 | D:2      | Killed Natasha
  2273 | D:2      | Found a runed door.
  2313 | D:2      | Noticed Natasha
  2317 | D:2      | Killed Natasha
  2317 | D:2      | Reached skill level 5 in Dodging
  2391 | D:2      | Noticed Crazy Yiuf
  2395 | D:2      | Killed Crazy Yiuf
  2485 | D:3      | Noticed Ijyb
  2491 | D:3      | Killed Ijyb
  3238 | D:4      | Reached XP level 7. HP: 50/50 MP: 12/15
  3248 | D:4      | Noticed Pikel
  3259 | D:4      | Paralysed by Pikel for 3 turns
  3264 | D:4      | Killed Pikel
  3264 | D:4      | Reached skill level 5 in Stealth
  3264 | D:4      | Reached XP level 8. HP: 18/57 MP: 0/16
  3376 | D:4      | Got a faintly glowing scale mail
  3388 | D:4      | Identified the +5 scale mail "Suciten" {+Fly rElec Int-4 Dex+4} (You found it on level 4 of the Dungeon)
  3456 | D:4      | Noticed Eustachio
  3573 | D:4      | Killed Eustachio
  3622 | D:4      | Learned a level 4 spell: Iskenderun's Mystic Blast
  3627 | D:4      | Learned a level 4 spell: Force Lance
  3632 | D:4      | Learned a level 4 spell: Fulminant Prism
  3918 | D:4      | Found Girol's Food Boutique.
  4059 | D:4      | HP: 2/58 [orc priest/divine providence (9)]
  4061 | D:4      | Gained mutation: You have a somewhat thin skeletal structure. (Dex +2, Stealth) [potion of mutation]
  4061 | D:4      | Gained mutation: Your mind is acute. (Int +2) [potion of mutation]
  4061 | D:4      | Gained mutation: You are somewhat resistant to further mutation. [potion of mutation]
  4063 | D:4      | Killed from afar by an orc priest

Skill      XL: |  1  2  3  4  5  6  7  8 |
---------------+-------------------------+-----
Spellcasting   | 5 6 |  6.0
Invocations    | 1 2 3 |  3.5
Fighting       | 1 2 3 |  3.2
Short Blades   | 1 2 3 |  3.2
Long Blades    | 1 2 3 |  3.2
Axes           | 1 2 3 |  3.2
Maces & Flails | 1 2 3 |  3.2
Polearms       | 1 2 3 |  3.2
Staves         | 1 2 3 |  3.2
Slings         | 1 2 3 |  3.2
Bows           | 1 2 3 |  3.2
Crossbows      | 1 2 3 |  3.2
Throwing       | 1 2 3 |  3.2
Armour         | 1 2 3 |  3.2
Shields        | 1 2 3 |  3.2
Unarmed Combat | 1 2 3 |  3.2
Evocations     | 1 2 3 |  3.2
Hexes          | 1 2 |  2.6
Charms         | 1 2 |  2.6
Summonings     | 1 2 |  2.6
Necromancy     | 1 2 |  2.6
Translocations | 1 2 |  2.6
Transmutations | 1 2 |  2.6
Fire Magic     | 1 2 |  2.6
Ice Magic      | 1 2 |  2.6
Air Magic      | 1 2 |  2.6
Earth Magic    | 1 2 |  2.6
Poison Magic   | 1 2 |  2.6
Dodging        | 5 |  5.6
Stealth        | 5 |  5.3
Conjurations   | |  7.6

Action                   |  1- 3 |  4- 6 |  7- 9 || total
-------------------------+-------+-------+-------++-------
Melee: Club              |     1 |       |       ||     1
       Short sword       |     2 |       |       ||     2
       Scythe            |       |    12 |     2 ||    14
       Whip              |       |       |    71 ||    71
       Bite              |       |       |     7 ||     7
       Punch             |       |       |     2 ||     2
 Cast: Magic Dart        |    68 |    54 |    21 ||   143
       Searing Ray       |       |     9 |    12 ||    21
  Use: Scroll            |     2 |     1 |     4 ||     7
       Potion            |       |       |     3 ||     3
 Stab: Distracted        |       |       |     1 ||     1
  Eat: Chunk             |     1 |     2 |     2 ||     5
       Ration            |       |     1 |       ||     1
Armor: Robe              |     2 |     4 |     2 ||     8
       Scale mail        |       |       |    76 ||    76
Dodge: Dodged            |     6 |    19 |   116 ||   141
